 Dungeon Crawl Stone Soup version 0.30-a0-808-g6e0788376e (webtiles) character file.

Game seed: 5349863660694745494

127 Popcorn the Grave Robber (level 4, 0/24 HPs)
             Began as a Deep Elf Necromancer on Feb 25, 2023.
             Killed by nerve-wracking pain
             ... invoked by an orc priest
              (14 damage)
             ... on level 3 of the Dungeon on Feb 26, 2023.
             The game lasted 00:10:26 (2361 turns).

Popcorn the Grave Robber (Deep Elf Necromancer)     Turns: 2361, Time: 00:10:27

Health: 0/24       AC:  2    Str:  5    XL:     4   Next: 85%
Magic:  9/12       EV: 13    Int: 22    God:
Gold:   146        SH:  0    Dex: 15    Spells: 8/12 levels left

rFire   . . .      SeeInvis .    e - +0 sling
rCold   . . .      Faith    .    (no shield)
rNeg    . . .      Spirit   .    a - +0 robe
rPois   .          Reflect  .    (no helmet)
rElec   .          Harm     .    (no cloak)
rCorr   .          Rampage  .    (no gloves)
Will    .....                    (no boots)
Stlth   ++                       (no amulet)
HPRegen 0.24/turn                (no ring)
MPRegen 0.13/turn                (no ring)

@: no status effects
A: no striking features
a: no special abilities


You were on level 3 of the Dungeon.
You visited 1 branch of the dungeon, and saw 3 of its levels.

You collected 146 gold pieces.

Inventory:

Hand Weapons
 e - a +0 sling (weapon)
Missiles
 c - 2 poisoned darts
Armour
 a - a +0 robe (worn)
Scrolls
 h - a scroll of poison
Potions
 b - a potion of magic
 d - 2 potions of might
 f - a potion of resistance
 g - a potion of berserk rage
 i - a potion of haste


   Skills:
 + Level 4.0 Dodging
 - Level 2.4 Stealth
 + Level 4.6 Spellcasting
 + Level 5.9 Necromancy


You had 8 spell levels left.
You knew the following spells:

 Your Spells              Type           Power      Damage    Failure   Level
a - Necrotise             Necr           100%       1d9       1%          1
b - Vampiric Draining     Necr           31%        2d8       2%          3

Your spell library contained the following spells:

 Spells                   Type           Power      Damage    Failure   Level
 Animate Dead             Necr           31%        N/A       10%         4
 Freeze                   Ice            20%        1d4       11%         1
 Agony                    Necr           31%        N/A       26%         5
 Frozen Ramparts          Ice            10%        1d2       32%         3
 Hailstorm                Conj/Ice       5%         3d4       32%         3


Dungeon Overview and Level Annotations

Branches:
Dungeon (3/15)

Altars:
Zin


Message History

Okay, then.
Fire: e) +0 sling
Press: ? - help, Q - select action, (/) - cycle Shift-Dir - straight line, f - orc priest
Aim: an orc priest, wielding a +0 flail and wearing a +0 chain mail (62% to hit)
You shoot a sling bullet. The sling bullet hits the orc priest.
The orc priest is lightly wounded.
Fire: e) +0 sling
Press: ? - help, Q - select action, (/) - cycle Shift-Dir - straight line, f/p - orc priest
Aim: an orc priest, wielding a +0 flail and wearing a +0 chain mail (lightly wounded, 62% to hit)
You shoot a sling bullet. The sling bullet hits the orc priest.
The orc priest is lightly wounded.
Casting: Necrotise (safe; 1% risk of failure)
Confirm with . or Enter, or press ? or * to list all spells.
You don't know that spell.
Casting: Necrotise (safe; 1% risk of failure)
Confirm with . or Enter, or press ? or * to list all spells.
Aiming: Necrotise (safe; 1% risk of failure)
Press: ? - help, Shift-Dir - straight line, f/p - orc priest
Aim: an orc priest, wielding a +0 flail and wearing a +0 chain mail (lightly wounded, chance to affect: 83%)
The orc priest writhes in agony.
Casting: Necrotise (safe; 1% risk of failure)
Confirm with . or Enter, or press ? or * to list all spells.
You don't know that spell.
Unknown command.
Casting: Necrotise (safe; 1% risk of failure)
Confirm with . or Enter, or press ? or * to list all spells.
Aiming: Necrotise (safe; 1% risk of failure)
Press: ? - help, Shift-Dir - straight line, f/p - orc priest
Aim: an orc priest, wielding a +0 flail and wearing a +0 chain mail (heavily wounded, chance to affect: 83%)
The orc priest writhes in agony.
Casting: Necrotise (safe; 1% risk of failure)
Confirm with . or Enter, or press ? or * to list all spells.
Aiming: Necrotise (safe; 1% risk of failure)
Press: ? - help, Shift-Dir - straight line, f/p - orc priest
Aim: an orc priest, wielding a +0 flail and wearing a +0 chain mail (heavily wounded, chance to affect: 83%)
The orc priest writhes in agony.
The orc priest mumbles some strange prayers to Beogh against you.
Pain shoots through your body!
Ouch! That really hurt!
You die...

......# ##.##.##.# ...####
#........# ..## #.###.#.## .##
******* #.###.#.# ..# *,,,,,*
#.##..#.# ..# *,,,,,* #.##.##.#
..# *,>,,,* #.##.##.# ..# *,,,,,*
#.......# #.# *,,,,,* #.##@##.#
#.# **#.#####.##.##,# ..#
#.....).##o.#,* ###
#.#####.###.#,* .,*
**,,***#.###.#.#
#.#***,,,,,*#.......# *********
*,..,,,,,,,*#.###.### *,,,,,,,*
,,,).,*,,,,....,..#******,,,,,,,*
*,,*.,,,,..<.......,,,,,,,,,,,,,*


You could see an orc priest.

Vanquished Creatures
  A hound (D:2)
  2 adders (D:2)
  A worm (D:2)
  An orc (D:3)
  5 endoplasms
  14 giant cockroaches
  4 goblins
  4 hobgoblins
  6 kobolds
  4 quokkas
  7 ball pythons
  6 bats
  3 frilled lizards
  5 rats
63 creatures vanquished.

Vanquished Creatures (collateral kills)
  A worm (D:2)
  An endoplasm (D:2)
  A bat (D:2)
3 creatures vanquished.

Grand Total: 66 creatures vanquished

Notes
Turn   | Place    | Note
-------+----------+-------------------------------------------
     0 | D:1      | Popcorn the Deep Elf Necromancer began the quest for the
                  | Orb.
     0 | D:1      | Reached XP level 1. HP: 10/10 MP: 6/6
   135 | D:1      | Reached skill level 5 in Necromancy
   179 | D:1      | Reached XP level 2. HP: 15/15 MP: 8/8
   972 | D:1      | Reached XP level 3. HP: 19/19 MP: 10/10
  1122 | D:2      | Found a glowing silver altar of Zin.
  1400 | D:2      | Learned a level 3 spell: Vampiric Draining
  1499 | D:2      | Reached XP level 4. HP: 21/24 MP: 9/12
  2361 | D:3      | Killed from afar by an orc priest

Illustrated notes

Levels and vault maps discovered:
D:1:      dpeg_arrival_rooms_b, layout_loops_ring
D:2:      minmay_roachtagon, layout_loops_ring, basic_altar
D:3:      layout_loops_cross, hellmonk_ecumenical_altar_leap_of_faith

Skill      XL: |  1  2  3  4 |
---------------+-------------+-----
Necromancy     | 5 |  5.9
Dodging        | 3 4 |  4.0
Spellcasting   | 4 |  4.6
Stealth        | |  2.4

Action                     |  1- 3 |  4- 6 || total
---------------------------+-------+-------++-------
   Fire: Sling             |    60 |    31 ||    91
   Cast: Necrotise         |    41 |    22 ||    63
         Vampiric Draining |       |     1 ||     1
    Use: Scroll            |     4 |     3 ||     7
 Armour: Robe              |     2 |     4 ||     6
  Dodge: Dodged            |    20 |    15 ||    35

Table legend: (Time is in decaauts)
 A = Elapsed time spent in this place.
 B = Non-inter-level travel time spent in this place.
 C = Inter-level travel time spent in this place.
 D = Time resting spent in this place.
 E = Time spent auto-exploring this place.
 F = Levels seen in this place.
 G = Mean time per level.
                   A        B        C        D        E       F      G
               +--------+--------+--------+--------+--------+-----+--------+
         Total |   2396 |   2353 |     43 |    459 |   1551 |   3 |  798.7 |
       Dungeon |   2396 |   2353 |     43 |    459 |   1551 |   3 |  798.7 |
               +--------+--------+--------+--------+--------+-----+--------+

Top non-repeatable levels by time:
     D:2: 1114 daAuts
     D:1: 1058 daAuts
     D:3: 223 daAuts
